Map: Acropolis LE

Players

Dolan

  • Race: Terran Terran
  • Spawn Location: 5:00

Silky - Winner!

  • Race: Zerg Zerg
  • Spawn Location: 11:00

VOD

Have the link to the VOD?

Description

Time

  • Played on: Sept. 6, 2019, 1:03 p.m.
  • Length: 16:30
Show
View Real Time Build Order
Export as new Build Order

Dolan Terran 

Build Orders:  

Get SALT Encoding   

  12  0:00  SCV  
  13  0:12  SCV  
  14  0:17  Supply Depot  
  14  0:25  SCV  
  15  0:39  Barracks  
  15  0:53  SCV, Barracks  
  16  1:05  SCV  
  16  1:07  Refinery  
  17  1:17  SCV  
  18  1:28  Marine  
  18  1:29  Orbital Command  
  19  1:40  Marine, Supply Depot  
  19  1:46  Marine  
  21  1:57  Marine  
  22  2:02  Bunker  
  22  2:05  Bunker  
  22  2:07  Marine  
  23  2:16  Marine  
  24  2:24  Marine  
  24  2:38  Marine  
  24  2:39  SCV  
  24  2:42  Marine  
  24  2:56  Marine  
  24  3:00  Marine, Factory  
  24  3:01  SCV  
  24  3:23  SCV  
  22  3:39  SCV  
  19  3:42  Command Center  
  19  3:44  Factory Reactor  
  19  3:46  Starport  
  19  3:49  Refinery  
  19  3:51  SCV  
  20  4:03  SCV  
  21  4:19  Hellion  
  22  4:27  Viking  
  23  4:50  Factory Reactor  
  23  5:00  SCV  
  23  5:13  SCV  
  24  5:25  SCV  
  25  5:37  SCV  
  25  5:38  Hellion x2  
  30  5:52  Starport  
  30  5:55  Refinery  
  30  5:56  SCV, Orbital Command  
  31  5:57  Refinery  
  31  6:10  SCV  
  31  6:11  Fusion Core  
  32  6:22  SCV x2  
  32  6:25  Starport Tech Lab  
  34  6:34  SCV x2  
  36  6:50  SCV x2  
  38  6:58  Starport Tech Lab  
  38  7:02  SCV x2  
  40  7:13  Battlecruiser  
  46  7:21  Battlecruiser  
  52  7:23  Supply Depot  
  52  7:33  Hellion  
  54  7:39  Supply Depot  
  54  7:45  SCV x2, Hellion  
  58  7:57  SCV x2  
  60  8:01  Weapon Refit  
  60  8:13  SCV x2  
  60  8:19  Command Center  
  62  8:20  Supply Depot  
  62  8:33  Battlecruiser  
  68  8:51  Battlecruiser  
  78  8:55  Hellion  
  78  8:56  Hellion  
  78  9:01  Supply Depot  
  78  9:19  Supply Depot  
  78  9:22  SCV x2  
  80  9:32  Hellion  
  80  9:33  Hellion  
  80  9:34  SCV x2, Orbital Command  
  92  9:46  SCV x2  
  88  9:58  SCV  
  88  9:59  SCV  
  86  10:02  SCV  
  86  10:06  Factory  
  87  10:07  Factory  
  87  10:09  Orbital Command  
  87  10:11  SCV x2  
  83  10:14  Armory  
  83  10:16  Factory, Armory  
  83  10:18  Factory  
  83  10:23  SCV x2  
  85  10:34  SCV  
  85  10:35  SCV x2  
  88  10:41  Refinery x2  
  88  10:45  Supply Depot, Engineering Bay  
  86  10:59  Factory Tech Lab x2  
  86  11:01  Factory Tech Lab, Factory Reactor  
  86  11:04  Terran Ship Weapons Level 1, Terran Vehicle And Ship Armor Level 1  
  86  11:15  Battlecruiser  
  86  11:17  Battlecruiser  
  98  11:18  SCV x3  
  101  11:30  Cyclone x2  
  101  11:31  Cyclone  
  101  11:32  Mag-Field Accelerator  
  110  11:35  Hellion x2  
  114  11:45  Supply Depot  
  114  11:47  Supply Depot  
  114  11:54  Hellion x2  
  104  12:06  Cyclone x3  
  107  12:14  SCV x3  
  110  12:20  Command Center  
  110  12:21  Supply Depot  
  110  12:26  SCV x3  
  113  12:33  Supply Depot, Sensor Tower  
  113  12:38  SCV x3  
  113  12:39  Cyclone x3  
  125  12:50  SCV x3  
  128  12:56  Battlecruiser  
  134  13:01  Battlecruiser  
  134  13:03  SCV x2  
  134  13:04  SCV  
  143  13:07  Supply Depot  
  143  13:14  Terran Vehicle And Ship Armor Level 2  
  143  13:21  SCV x3  
  143  13:26  Cyclone  
  149  13:29  Cyclone  
  148  13:53  Orbital Command  
  148  14:08  Fusion Core  
  148  14:09  Cyclone x3, Hellion x2  
  163  14:10  Hellion  
  157  14:39  Supply Depot x2  
  157  14:40  Supply Depot  
  157  14:43  Command Center  
  157  14:44  Command Center  
  155  14:51  Hellion  
  155  14:52  Hellion  
  156  14:53  Infernal Pre-Igniter  
  156  15:00  Cyclone x2  
  156  15:01  Hellion x3  
  168  15:12  Hellion, Supply Depot, Missile Turret  
  168  15:13  Hellion  
  172  15:35  Cyclone  
  171  15:52  Supply Depot  
  171  15:53  Cyclone x2, Supply Depot  
Show
View Real Time Build Order
Export as new Build Order

Silky Zerg - Winner!

Build Orders: Hatch First, Brood Lord Corruptor 

Get SALT Encoding   

  12  0:00  Drone  
  13  0:12  Overlord  
  13  0:17  Drone  
  14  0:31  Drone x2  
  16  0:48  Hatchery  
  15  0:51  Drone  
  15  0:55  Drone  
  17  0:59  Drone  
  18  1:09  Extractor  
  17  1:14  Spawning Pool  
  17  1:17  Drone  
  17  1:20  Drone  
  19  2:02  Zergling x8, Spine Crawler, Queen  
  19  2:04  Queen  
  25  2:15  Zergling x4  
  23  2:32  Zergling x4  
  22  2:40  Zergling x2  
  19  2:52  Zergling x6  
  19  2:58  Zergling x2  
  21  3:01  Zergling x2  
  22  3:06  Zergling x2  
  17  3:24  Spine Crawler  
  16  3:32  Spine Crawler  
  14  3:37  Drone  
  14  3:41  Drone x3  
  20  3:45  Drone  
  21  3:51  Drone  
  23  3:55  Drone  
  23  4:01  Drone  
  23  4:02  Drone  
  25  4:08  Drone  
  26  4:11  Drone  
  26  4:13  Drone  
  28  4:20  Overlord  
  28  4:33  Overlord  
  28  4:48  Drone x6  
  28  4:49  Queen  
  35  4:57  Drone  
  35  4:59  Drone, Extractor  
  35  5:00  Extractor  
  35  5:04  Drone  
  34  5:12  Hatchery, Drone  
  33  5:15  Drone  
  33  5:18  Drone x2  
  36  5:27  Roach Warren, Drone  
  36  5:33  Drone x2  
  38  5:38  Drone x3  
  38  5:42  Overlord  
  41  5:47  Metabolic Boost  
  43  5:57  Queen  
  43  6:02  Drone  
  44  6:08  Roach x4  
  44  6:10  Overlord  
  52  6:13  Overlord  
  52  6:22  Lair  
  52  6:24  Drone x4  
  52  6:25  Drone  
  57  6:31  Queen  
  59  6:33  Drone x2  
  59  6:34  Drone  
  59  6:38  Queen  
  64  6:43  Drone  
  64  6:44  Roach  
  64  6:45  Zergling x2  
  64  6:46  Zergling x2  
  69  6:48  Overlord  
  69  6:52  Drone x2  
  71  6:56  Overlord  
  71  6:58  Overlord  
  71  7:10  Queen  
  73  7:16  Spore Crawler, Queen  
  73  7:18  Overlord  
  73  7:19  Drone x7  
  73  7:20  Drone  
  82  7:24  Evolution Chamber  
  82  7:25  Glial Reconstitution  
  82  7:26  Evolution Chamber  
  82  7:27  Drone  
  82  7:28  Overseer  
  81  7:34  Spore Crawler x2  
  81  7:35  Drone  
  81  7:36  Drone x2  
  82  7:40  Queen  
  84  7:44  Roach x2  
  88  7:51  Extractor  
  88  7:52  Drone x4, Extractor  
  88  7:53  Extractor  
  88  7:54  Queen  
  88  7:55  Extractor  
  88  7:56  Overlord  
  88  7:58  Overlord  
  90  8:08  Zerg Melee Weapons Level 1  
  90  8:10  Zerg Missile Weapons Level 1  
  90  8:16  Spire  
  90  8:17  Hatchery  
  90  8:19  Drone x4  
  92  8:30  Queen  
  88  8:49  Queen  
  88  8:52  Drone x2  
  88  8:53  Drone x6  
  98  9:07  Overlord x2  
  98  9:19  Hatchery  
  96  9:33  Zerg Flyer Armor Level 1, Corruptor x7  
  96  9:36  Drone x4  
  108  9:52  Drone  
  107  9:56  Corruptor x3  
  107  9:58  Drone x3  
  107  9:59  Drone x4  
  119  10:00  Extractor  
  119  10:01  Extractor  
  119  10:06  Drone  
  118  10:10  Zerg Missile Weapons Level 2  
  118  10:11  Zerg Melee Weapons Level 2  
  118  10:13  Drone x2  
  120  10:14  Overlord x2  
  120  10:18  Overlord x3  
  120  10:25  Infestation Pit  
  118  10:29  Overlord x2  
  118  10:35  Corruptor  
  118  10:36  Corruptor x2  
  118  10:37  Drone x3  
  118  10:39  Drone  
  128  10:43  Drone  
  128  10:44  Drone x3  
  128  10:48  Drone x4  
  136  10:54  Drone  
  136  10:55  Drone x4  
  141  11:03  Pathogen Glands  
  141  11:06  Corruptor x2  
  145  11:12  Drone x2  
  145  11:14  Spine Crawler  
  145  11:15  Spine Crawler  
  145  11:20  Pneumatized Carapace  
  145  11:22  Hive  
  145  11:23  Infestor x2  
  149  11:28  Roach x3  
  149  11:29  Roach  
  149  11:30  Infestor  
  159  11:33  Extractor  
  159  11:34  Extractor  
  159  11:35  Roach  
  159  11:36  Roach x2  
  163  11:40  Drone x2  
  163  11:41  Drone  
  163  11:43  Spine Crawler  
  165  11:50  Overlord x3  
  159  12:06  Zergling x8  
  159  12:07  Zergling x22  
  173  12:10  Drone x3  
  173  12:11  Baneling Nest, Drone  
  176  12:28  Hatchery  
  176  12:29  Zerg Ground Armor Level 1  
  175  12:32  Overseer x2  
  175  12:33  Overseer  
  175  12:34  Nydus Network  
  174  12:40  Zergling x28  
  174  12:42  Corruptor  
  190  12:53  Corruptor x4  
  190  12:56  Centrifical Hooks  
  198  12:59  Greater Spire  
  198  13:02  Spire  
  197  13:13  Nydus Canal  
  197  13:18  Overlord x2  
  197  13:39  Zergling x10  
  199  13:43  Nydus Canal  
  181  13:57  Nydus Canal  
  181  13:59  Corruptor x5  
  189  14:04  Drone x2  
  189  14:05  Spine Crawler  
  189  14:07  Spine Crawler, Nydus Canal  
  185  14:17  Zerg Flyer Weapons Level 1  
  184  14:28  Nydus Canal  
  184  14:42  Brood Lord x4  
  192  14:51  Brood Lord x4  
  198  14:54  Ravager x2, Baneling x6  
  199  15:10  Nydus Canal  
  199  15:16  Extractor  
  199  15:18  Spine Crawler  
  199  15:20  Spore Crawler, Spine Crawler, Extractor  
  194  15:39  Drone  
  194  15:40  Overlord  
  194  15:41  Overlord x2  
  195  15:45  Baneling  
  195  15:46  Baneling x3  
Tags
 
Add a new tag
Caveats
  • Supply blocks, unpowered buildings, or Contaminate may cause inaccurate times.
  • Supply counts are checked every 10 seconds.